 Dungeon Crawl Stone Soup version 0.29-a0-982-gaed3a0c8d8 (webtiles) character file.

Game seed: 9753484947982981049

10621 inmateoo the Grappler (level 11, -23/117 HPs)
             Began as a Troll Monk on Aug 1, 2022.
             Was the Champion of Cheibriados.
             Annihilated by Snorg (24 damage)
             ... on level 10 of the Dungeon.
             The game lasted 00:08:43 (8470 turns).

inmateoo the Grappler (Troll Monk)                  Turns: 8470, Time: 00:08:44

Health: -23/117    AC:  6    Str: 38    XL:     11   Next: 38%
Magic:  11/11      EV: 16    Int: 21    God:    Cheibriados [******]
Gold:   1679       SH:  0    Dex: 29    Spells: 10/10 levels left

rFire   + . .      SeeInvis .     - Unarmed
rCold   + . .      Faith    .   (no shield)
rNeg    . . .      Spirit   .   u - +0 robe {rF+}
rPois   .          Reflect  .   (helmet restricted)
rElec   .          Harm     .   k - +1 cloak
rCorr   +          Rampage  .   (gloves unavailable)
Will    .....                   (boots unavailable)
Stlth   +++.......              d - amulet of magic regeneration
HPRegen 1.09/turn               q - ring of protection from cold
MPRegen 0.52/turn               s - ring of resist corrosion

@: about to teleport, studying Ranged Weapons, very slow
A: large, unfitting armour, claws 3, regeneration 1, shaggy fur 1, tough skin 1
a: Renounce Religion, Bend Time, Temporal Distortion, Slouch, Step From Time


You were on level 10 of the Dungeon.
You worshipped Cheibriados.
Cheibriados was exalted by your worship.
You visited 2 branches of the dungeon, and saw 11 of its levels.
You also visited: Sewer.

You collected 1679 gold pieces.

Inventory:

Armour
 k - a +1 cloak (worn)
 u - a +0 robe of fire resistance (worn)
Jewellery
 d - an amulet of magic regeneration (around neck)
 l - the ring of Onenexti {rElec rF- rCorr MP+9 Int+6}
   (You acquired it on level 4 of the Dungeon)

   [ring of resist corrosion]

   Int:       It affects your intelligence (+6).
   rF:        It makes you vulnerable to fire.
   rElec:     It insulates you from electricity.
   MP:        It affects your magic capacity (+9).
   rCorr:     It protects you from acid and corrosion.
 q - a ring of protection from cold (left claw)
 s - a ring of resist corrosion (right claw)
Wands
 g - a wand of iceblast (11)
 r - a wand of flame (45)
Scrolls
 f - 3 scrolls of enchant armour
 j - 3 scrolls of enchant weapon
 o - 9 scrolls of identify
 p - 2 scrolls of amnesia
 v - a scroll of poison
Potions
 a - a potion of resistance {unknown}
 b - 2 potions of ambrosia
 c - 4 potions of brilliance
 e - 7 potions of curing
 h - a potion of mutation
 m - 4 potions of flight
 n - a potion of heal wounds
 w - a potion of cancellation {unknown}


   Skills:
 * Level 9.9 Fighting
 + Level 7.2 Dodging
 - Level 1.0 Stealth
 * Level 11.8 Unarmed Combat
 + Level 1.7 Invocations


You had 10 spell levels left.
You didn't know any spells.
Your spell library contained the following spells:

 Spells                   Type           Power      Damage    Failure   Level
 Slow                     Hex            0%         N/A       19%         1
 Poisonous Vapours        Pois/Air       0%         N/A       26%         2
 Confusing Touch          Hex            0%         N/A       47%         3
 Ozocubu's Armour         Ice            0%         N/A       47%         3
 Vampiric Draining        Necr           0%         2d6       47%         3
 Anguish                  Hex/Necr       0%         N/A       87%         4
 Corpse Rot               Necr/Pois/Air  0%         N/A       87%         4
 Blade Hands              Tmut           0%         N/A       99%         5
 Fireball                 Conj/Fire      0%         3d3       99%         5
 Irradiate                Conj/Tmut      0%         3d11      99%         5
 Metabolic Englaciation   Hex/Ice        0%         N/A       99%         5
 Simulacrum               Ice/Necr       0%         N/A       100%        6
 Starburst                Conj/Fire      0%         6d3       100%        6
 Dragon Form              Tmut           0%         N/A       100%        7
 Enfeeble                 Hex            0%         N/A       100%        7
 Ignition                 Fire           0%         3d3       100%        8


Dungeon Overview and Level Annotations

Branches:
Dungeon (10/15)            Temple (1/1) D:6             Orc (0/2) D:9
  Sewer (visited)
   Lair: D:8-11

Altars:
Ashenzari
Cheibriados
Dithmenos
Elyvilon
Fedhas
Gozag
Hepliaklqana
Kikubaaqudgha
Makhleb
Nemelex Xobeh
Okawaru
Qazlal
Ru
Sif Muna
Trog
Uskayaw
Vehumet
Wu Jian
Xom
Yredelemnul
Zin
The Shining One

Annotations:
D:10 Snorg


Innate Abilities, Weirdness & Mutations

You are too large for most types of armour.
You have claws for hands.
Your natural rate of healing is unusually fast.
You are covered in fur. (AC +1)
You have tough skin. (AC +1)


Message History

The hornet barely misses you.
You mangle the hornet!!
The hornet is almost dead.
The hornet closely misses you. The hornet misses you.
You scratch the hornet.
You kill the hornet!
Cheibriados appreciates the change of pace.
No target in view!
Key pressed, stopping explore.
No target in view!
Found a stone staircase leading up.
No target in view!
Snorg and a troll come into view.
There are monsters nearby!
Snorg goes berserk!
Snorg completely misses you. Snorg claws you but does no damage.
Snorg claws you!
You barely miss Snorg. Snorg bites you. Snorg closely misses you.
Snorg claws you!!
You eviscerate Snorg!!!
Snorg is moderately wounded.
Snorg barely misses you. Snorg claws you! Snorg closely misses you.
You mangle Snorg!!
Snorg is moderately wounded.
Snorg bites you. Snorg claws you!! Snorg claws you! Snorg bites you!
Snorg claws you. x2
You are too injured to fight recklessly!
You are too injured to fight recklessly!
As you read the scroll of teleportation, it crumbles to dust.
You feel strangely unstable. Snorg barely misses you. Snorg claws you.
* * * LOW HITPOINT WARNING * * *
Snorg claws you!
* * * LOW HITPOINT WARNING * * *
Snorg attacks as you move away! Snorg completely misses you. Snorg claws you!!
* * * LOW HITPOINT WARNING * * *
Snorg barely misses you. Snorg bites you.
* * * LOW HITPOINT WARNING * * *
Snorg claws you.
* * * LOW HITPOINT WARNING * * *
Snorg barely misses you. Snorg bites you!!
You die...

## ... ....##
......######
........@TT#
#######.##.......
#.########.
#....# ####.#
..#####.########
................
..#####.########
#.##


You could see Snorg (berserk) and a troll.

Vanquished Creatures
  4 two-headed ogres
  The ghost of eyesofgods1 the Spear-Bearer, a novice DsFi (D:9)
  A troll (D:9)
  A hornet (D:10)
  10 yaks
  A wyvern (D:6)
  Eustachio (D:4)
  A water moccasin (D:6)
  2 black bears (D:6)
  2 orc warriors (D:9)
  5 ice beasts
  4 centaurs
  An ogre (D:4)
  4 kobold brigands
  A phantom (D:7)
  3 gnoll sergeants
  5 bullfrogs
  5 scorpions
  15 wights
  15 killer bees
  4 howler monkeys
  6 hounds
  2 jellies
  A gnoll bouda (D:7)
  7 orc priests
  7 iguanas
  Ijyb (D:3)
  15 orc wizards
  27 gnolls
  6 adders
  A river rat (D:5)
  A shadow imp (D:7)
  2 ufetubi
  4 worms
  3 dart slugs
  61 orcs
  14 endoplasms
  8 giant cockroaches
  7 goblins
  A hobgoblin (D:3)
  6 jackals
  A quokka (D:5)
  6 ball pythons
  6 bats
  6 frilled lizards (D:2)
  21 kobolds
  11 rats
317 creatures vanquished.

Notes
Turn   | Place    | Note
-------+----------+-------------------------------------------
     0 | D:1      | inmateoo the Troll Monk began the quest for the Orb.
     0 | D:1      | Reached XP level 1. HP: 22/22 MP: 0/0
    38 | D:1      | Found a faded altar of an unknown god.
   239 | D:1      | Reached XP level 2. HP: 29/29 MP: 1/1
   375 | D:1      | You fall into a shaft and drop 1 floor!
   588 | D:2      | Reached XP level 3. HP: 34/36 MP: 2/2
  1636 | D:3      | Reached XP level 4. HP: 45/45 MP: 3/3
  1762 | D:3      | Noticed Ijyb
  1796 | D:3      | Killed Ijyb
  1797 | D:3      | Reached skill level 4 in Unarmed Combat
  1958 | D:3      | Reached XP level 5. HP: 53/53 MP: 4/4
  2239 | D:3      | Found an iron altar of Okawaru.
  2477 | D:4      | Reached XP level 6. HP: 58/62 MP: 5/5
  2492 | D:4      | Reached skill level 5 in Unarmed Combat
  2558 | D:4      | Found a basalt altar of Yredelemnul.
  2560 | D:4      | Noticed a profane servitor
  2565 | D:4      | Found a glowing golden altar of the Shining One.
  2567 | D:4      | Noticed an angel
  2660 | D:4      | Noticed Eustachio
  2721 | D:4      | Killed Eustachio
  2775 | D:4      | Reached XP level 7. HP: 53/71 MP: 6/6
  3415 | D:4      | Identified a scroll of acquirement
  3415 | D:4      | Acquired the ring of Onenexti {rElec rF- rCorr MP+9 Int+6}
  3437 | D:5      | Entered Level 5 of the Dungeon
  3506 | D:5      | Reached skill level 6 in Unarmed Combat
  3542 | D:5      | Reached skill level 5 in Fighting
  3757 | D:5      | Found a shimmering blue altar of Sif Muna.
  3817 | D:5      | Found a glowing drain.
  3830 | Sewer    | Entered a sewer
  3912 | Sewer    | Reached XP level 8. HP: 71/81 MP: 7/7
  3940 | Sewer    | Found a glowing silver altar of Zin.
  4054 | D:5      | Acquired 1081 gold pieces
  4190 | D:6      | Found a staircase to the Ecumenical Temple.
  4244 | D:6      | Reached skill level 7 in Unarmed Combat
  4326 | Temple   | Entered the Ecumenical Temple
  4400 | Temple   | Became a worshipper of Cheibriados the Contemplative
  4400 | Temple   | Reached * piety under Cheibriados
  4400 | Temple   | Reached ** piety under Cheibriados
  4543 | D:6      | Reached skill level 8 in Unarmed Combat
  4553 | D:6      | Reached skill level 5 in Dodging
  4576 | D:6      | Reached XP level 9. HP: 46/92 MP: 8/8
  5189 | D:7      | Reached *** piety under Cheibriados
  5454 | D:7      | Found a hide-covered altar of Uskayaw.
  5455 | D:7      | Found a blossoming altar of Fedhas.
  5461 | D:7      | Found a bloodstained altar of Trog.
  5461 | D:7      | Found a hazy altar of Hepliaklqana.
  5465 | D:7      | Found a sacrificial altar of Ru.
  5585 | D:7      | Reached skill level 9 in Unarmed Combat
  5737 | D:7      | Reached **** piety under Cheibriados
  5743 | D:7      | HP: 4/94 [poisoned by a killer bee]
  5748 | D:7      | HP: 2/94 [poisoned by a killer bee]
  5753 | D:7      | HP: 4/94 [poisoned by a killer bee]
  5869 | D:7      | HP: 1/94 [gnoll/+0 halberd[a gnoll sergeant] (8)]
  6285 | D:8      | Reached XP level 10. HP: 92/103 MP: 9/9
  6553 | D:8      | Reached skill level 10 in Unarmed Combat
  6731 | D:8      | Reached ***** piety under Cheibriados
  7071 | D:9      | Noticed a two-headed ogre
  7080 | D:9      | Killed a two-headed ogre
  7233 | D:9      | Noticed a two-headed ogre
  7240 | D:9      | Killed a two-headed ogre
  7241 | D:9      | Reached skill level 11 in Unarmed Combat
  7423 | D:9      | Noticed a two-headed ogre
  7428 | D:9      | Killed a two-headed ogre
  7429 | D:9      | Reached XP level 11. HP: 76/115 MP: 10/10
  7544 | D:9      | Found a runed translucent door.
  7601 | D:9      | Reached ****** piety under Cheibriados
  7678 | D:9      | Found a staircase to the Orcish Mines.
  8011 | D:9      | Noticed eyesofgods1's ghost (novice DsFi)
  8025 | D:9      | Killed eyesofgods1's ghost
  8130 | D:10     | Entered Level 10 of the Dungeon
  8141 | D:10     | Found a white marble altar of Elyvilon.
  8146 | D:10     | Noticed a two-headed ogre
  8150 | D:10     | Reached skill level 1 in Invocations
  8249 | D:10     | Killed a two-headed ogre
  8463 | D:10     | Noticed Snorg
  8470 | D:10     | HP: 2/117 [Snorg (6)]
  8470 | D:10     | Annihilated by Snorg

Illustrated notes

Levels and vault maps discovered:
D:1:      dpeg_arrival_radiant, layout_basic,
          chequers_ecumenical_altar_simple_redux
D:2:      minmay_razor_zed, layout_loops_ring
D:3:      layout_loops_cross, okawaru_metal_pillars_1_2, eino_tiny_chamber,
          uniq_ijyb
D:4:      layout_loops_ring, grunt_temple_overflow_holy_war,
          minmay_misc_feat_tower, corexii_corridor_pit, skrybe_limestone_x,
          uniq_eustachio
D:5:      layout_basic, led_sif_pool, portal_sewer_entry_b,
          kennysheep_crisscross
D:6:      layout_basic, minmay_temple_entry_mist, minmay_manual_mares
D:7:      layout_gridville, minitemple, dreamdust_princess_bridge
D:8:      layout_gridville
D:9:      layout_basic, david_orc_5, ebering_ghost_reflecting_pool
D:10:     layout_rooms, amcnicky_altar_gilded, centaur_isle, uniq_snorg
Temple:   nicolae_temple_godzebo

Skill      XL: |  1  2  3  4  5  6  7  8  9 10 11 |
---------------+----------------------------------+-----
Fighting       | 3 4 5 6 8 9 |  9.9
Unarmed Combat | 4 5 6 8 9 11 | 11.8
Dodging        | 3 4 5 6 7 |  7.2
Invocations    | 1 |  1.7
Stealth        | |  1.0

Action                   |  1- 3 |  4- 6 |  7- 9 | 10-12 || total
-------------------------+-------+-------+-------+-------++-------
Melee: Unarmed           |    95 |   156 |   344 |   230 ||   825
       Punch             |     3 |       |    12 |    12 ||    27
  Use: Scroll            |     7 |     1 |     7 |     6 ||    21
 Stab: Sleeping          |     3 |     4 |     6 |       ||    13
       Distracted        |       |       |     1 |       ||     1
Armor: Robe              |    29 |   103 |   128 |    54 ||   314
Dodge: Dodged            |    37 |   104 |   238 |   226 ||   605

Table legend: (Time is in decaauts)
 A = Elapsed time spent in this place.
 B = Non-inter-level travel time spent in this place.
 C = Inter-level travel time spent in this place.
 D = Time resting spent in this place.
 E = Time spent auto-exploring this place.
 F = Levels seen in this place.
 G = Mean time per level.
                   A        B        C        D        E       F      G
               +--------+--------+--------+--------+--------+-----+--------+
         Total |  10413 |   9971 |    442 |   1009 |   6923 |  12 |  867.8 |
       Dungeon |  10140 |   9728 |    412 |   1009 |   6756 |  10 | 1014.0 |
        Temple |    104 |     75 |     29 |      0 |     57 |   1 |  104.0 |
         Sewer |    168 |    168 |      0 |      0 |    110 |   1 |  168.0 |
               +--------+--------+--------+--------+--------+-----+--------+

Top non-repeatable levels by time:
     D:9: 1706 daAuts
     D:7: 1476 daAuts
     D:8: 1457 daAuts
     D:6: 1190 daAuts
     D:4: 1044 daAuts
     D:2: 846 daAuts
     D:3: 773 daAuts
     D:1: 749 daAuts
     D:5: 493 daAuts
    D:10: 402 daAuts
   Sewer: 168 daAuts
  Temple: 104 daAuts
